 Dungeon Crawl Stone Soup version 0.29-a0-664-gff9cad4a3d (webtiles) character file.

Game seed: 15580835963205755129

35 lunkers the Insei (level 3, -1/42 HPs)
             Began as a Meteoran Transmuter on June 22, 2022.
             Slain by an adder (2 damage)
             ... on level 2 of the Dungeon.
             The game lasted 00:03:11 (534 turns).

lunkers the Insei (Meteoran Transmuter)              Turns: 534, Time: 00:03:12

Health: -1/42      AC: 21    Str: 11    XL:     3   Next: 76%
Magic:  14/17      EV:  2    Int: 14    God:
Gold:   43         SH:  0    Dex: 17    Spells: 1/7 levels left

rFire   . . .      SeeInvis .     - Unarmed
rCold   . . .      Faith    .   (no shield)
rNeg    . . .      Spirit   .   (body armour currently unavailable)
rPois   +          Reflect  .   (helmet currently unavailable)
rElec   .          Harm     .   (cloak currently unavailable)
rCorr   .          Rampage  .   (gloves currently unavailable)
Will    .....      NoTele   +   (boots currently unavailable)
Stlth   +.........              (no amulet)
HPRegen 0.14/turn               c - ring of magical power
MPRegen 0.15/turn               (no ring)

@: lethally poisoned (-1 -> -3), tree-form, very slightly contaminated, glowing
A: stationary, stasis, torment immunity, boosted hp, sense surroundings 1,
otherworldly, glowing, explore regen
a: no special abilities


You were on level 2 of the Dungeon.
You were a tree.
You visited 1 branch of the dungeon, and saw 3 of its levels.

You collected 43 gold pieces.

Inventory:

Hand Weapons
 d - a +1 dagger of draining
Armour
 a - a +0 robe (melded)
Jewellery
 c - a ring of magical power (left branch)
Scrolls
 e - a scroll of poison {unknown}


   Skills:
 - Level 1.1 Fighting
 - Level 2.4 Dodging
 * Level 4.8 Unarmed Combat
 - Level 2.6 Spellcasting
 + Level 3.2 Transmutations


You had one spell level left.
You knew the following spells:

 Your Spells              Type           Power      Damage    Failure   Level
b - Wereblood             Tmut           10%        N/A       9%          2
c - Spider Form           Tmut/Pois      6%         N/A       34%         3
p - Beastly Appendage     Tmut           20%        N/A       6%          1

Your spell library contained the following spells:

 Spells                   Type           Power      Damage    Failure   Level
 Ice Form                 Ice/Tmut       6%         N/A       75%         4


Dungeon Overview and Level Annotations

Branches:
Dungeon (3/15) Zot: 1271

Altars:


Innate Abilities, Weirdness & Mutations

You are a tree.
Your roots penetrate the ground, keeping you stationary.
You cannot be teleported.
You are immune to unholy pain and torment.
Your maximum health is greatly increased.
Your equipment is partially melded.
You passively map a small area around you.
You are easily found by Zot.
You glow in the dark.
You regain HP and MP as you explore.


Message History

You barely miss the bat. Your headbutt misses the bat.
The bat is severely wounded.
The bat hits you.
* * * LOW HITPOINT WARNING * * *
You hit the bat.
You kill the bat!
Your transformation is almost over.
You see here a bat corpse.
Found a bubbling white potion.
An adder comes into view.
The adder hisses angrily.
Casting: Beastly Appendage (safe; 6% risk of failure)
Confirm with . or Enter, or press ? or * to list all spells.
The spell is extremely dangerous to miscast (34% risk of failure)!
Continue anyway?
You miscast Spider Form.
You are very lightly contaminated with residual magic.
Nothing appears to happen.
You hit the adder. Your kick misses the adder. Your headbutt misses the adder.
The adder is heavily wounded.
Your horns disappear.
Your talons disappear.
The adder bites you.
* * * LOW HITPOINT WARNING * * *
You are lethally poisoned!
The adder poisons you!
You barely miss the adder.
The adder is heavily wounded.
* * * LOW HITPOINT WARNING * * *
You feel sick. The adder bites you but does no damage. The adder bites you.
* * * LOW HITPOINT WARNING * * *
You closely miss the adder.
The adder is heavily wounded.
* * * LOW HITPOINT WARNING * * *
You feel sick. The adder barely misses you.
Unknown command.
Really quaff the potion of lignification?
You turn into a tree.
Your +0 robe melds into your body.
Your roots penetrate the ground.
* * * LOW HITPOINT WARNING * * *
You feel sick. The adder bites you.
You die...

, , ,
......#†#.......#......
*
####..#.#.#.###########
, , ,
...#.#.#.###........
#######*
####.#.........#######
......#
#.........#.##..#
###.#.#
###.#........#.B# #.#.#
** #......###..# #.#.#
#........#..# ###.#.# *
#.♣S..>..#..# #...#.#
#...........# #...#.#
..........#.## #...#.#
............#.# ###.#.#
#.####!#..#...#.#
###### #.#.# #
.........#.# #.....
#.#.# *
.....#....#.###.....
#.#.# * ...
.#....#...'.....
###<#.#, , , #####.....


You could see an adder.

Vanquished Creatures
  A dart slug (D:1)
  5 ball pythons
  A bat (D:2)
  5 endoplasms
  3 giant cockroaches
  2 goblins
  3 hobgoblins
  2 jackals (D:2)
  2 frilled lizards (D:2)
  3 kobolds
  A rat (D:2)
28 creatures vanquished.

Vanquished Creatures (others)
  A fungus (D:1)
  6 plants (D:1)
7 creatures vanquished.

Grand Total: 35 creatures vanquished

Notes
Turn   | Place    | Note
-------+----------+-------------------------------------------
     0 | D:1      | lunkers the Meteoran Transmuter began the quest for the
                  | Orb.
     0 | D:1      | Reached XP level 1. HP: 16/16 MP: 5/5
    77 | D:1      | Reached XP level 2. HP: 5/20 MP: 6/6
    91 | D:1      | Reached skill level 4 in Unarmed Combat
   315 | D:2      | Reached XP level 3. HP: 24/28 MP: 8/8
   335 | D:2      | Learned a level 2 spell: Wereblood
   343 | D:2      | Learned a level 3 spell: Spider Form
   533 | D:2      | HP: 1/28 [poisoned by an adder]
   534 | D:2      | Slain by an adder

Illustrated notes

Levels and vault maps discovered:
D:1:      lemuel_arrival_muddy, layout_loops_ring, chequers_big_river,
          minmay_pentomino_q2
D:2:      layout_basic, hellmonk_ecumenical_altar_leap_of_faith,
          minmay_surrounded
D:3:      layout_basic, mainiacjoe_overflow_concentric_impassable,
          lemuel_doored_altar

Skill      XL: |  1  2  3 |
---------------+----------+-----
Unarmed Combat | 4 |  4.8
Transmutations | 3 |  3.2
Fighting       | |  1.1
Dodging        | |  2.4
Spellcasting   | |  2.6

Action                   || total
-------------------------++-------
Melee: Unarmed           ||    65
       Kick              ||    11
       Dagger            ||     4
       Headbutt          ||     5
       Punch             ||     1
 Cast: Beastly Appendage ||    11
  Use: Potion            ||     1
Armor: Robe              ||    19
Dodge: Dodged            ||    34

Table legend: (Time is in decaauts)
 A = Elapsed time spent in this place.
 B = Non-inter-level travel time spent in this place.
 C = Inter-level travel time spent in this place.
 D = Time resting spent in this place.
 E = Time spent auto-exploring this place.
 F = Levels seen in this place.
 G = Mean time per level.
                   A        B        C        D        E       F      G
               +--------+--------+--------+--------+--------+-----+--------+
         Total |    527 |    527 |      0 |      0 |     44 |   3 |  175.7 |
       Dungeon |    527 |    527 |      0 |      0 |     44 |   3 |  175.7 |
               +--------+--------+--------+--------+--------+-----+--------+

Top non-repeatable levels by time:
     D:2: 339 daAuts
     D:1: 182 daAuts
     D:3: 5 daAuts
